 Dungeon Crawl Stone Soup version 0.18-a0-750-g37044d6 (webtiles) character file.

2528 cluie the Martial Artist (level 9, -3/72 HPs)
             Began as a Demonspawn Transmuter on Dec 11, 2015.
             Was a Follower of Ru.
             Killed from afar by Erica (33 damage)
             ... with a bolt of poison
             ... on level 8 of the Dungeon.
             The game lasted 00:24:52 (8989 turns).

cluie the Martial Artist (Demonspawn Transmuter)    Turns: 8989, Time: 00:24:52

Health: -3/72      AC:  8    Str: 16    XL:     9   Next: 29%
Magic:  18/18      EV: 18    Int: 15    God:    Ru [*.....]
Gold:   473        SH:  0    Dex: 19    Spells: 3 memorised, 12 levels left

rFire  . . .     SeeInvis .       - Unarmed
rCold  . . .     Clarity  .     x - +3 leather armour
rNeg   . . .     SustAt   .     (no shield)
rPois  .         Gourm    .     o - +0 helmet
rElec  .         Spirit   .     (no cloak)
rCorr  .         Dismiss  .     (no gloves)
rMut   .         Stasis   .     p - +0 pair of boots
MR     .....                    (no amulet)
Stlth  +++.......               n - +4 ring of strength
                                G - ring of stealth

@: lethally poisoned (-3 -> -15), slowed, very slow, not resistant to hostile
enchantments, fairly stealthy
A: claws 2, thin skeletal structure 2, demonic guardian 1, spiny 1,
inexperienced 1
a: Renounce Religion


You were on level 8 of the Dungeon.
You worshipped Ru.
Ru was aware of your devotion.
You were not hungry.

You visited 2 branches of the dungeon, and saw 11 of its levels.

You collected 473 gold pieces.

Inventory:

Hand Weapons
 b - a +0 blowgun
Missiles
 a - 45 arrows
 u - 3 arrows of frost
 A - 2 curare-tipped needles
Armour
 o - a +0 helmet (worn)
 p - a +0 pair of boots (worn)
 x - a +3 leather armour (worn)
Jewellery
 n - a +4 ring of strength (right claw)
 C - an uncursed ring of sustain attributes
 E - an uncursed amulet of dismissal
 G - a ring of stealth (left claw)
 K - an uncursed ring of positive energy
Wands
 g - a wand of magic darts (20)
 r - a wand of teleportation (0)
 s - a wand of draining (2)
 M - a wand of polymorph (11)
Scrolls
 f - 2 scrolls of teleportation
 j - 3 scrolls of remove curse
 y - a scroll of fear
 z - 2 scrolls of recharging
 B - 2 scrolls of blinking
 L - a scroll of identify
Potions
 e - 2 potions of heal wounds
 h - a potion of haste
 i - a potion of flight
 l - 2 potions of lignification
 m - a potion of brilliance
 q - a potion of curing
 v - 2 potions of agility {unknown}
 I - a potion of might
 J - a potion of ambrosia
Books
 c - a book of Changes

   Spells                             Type                      Level
   a - Beastly Appendage              Transmutation                1
   b - Sticks to Snakes               Transmutation                2
   c - Spider Form                    Transmutation/Poison         3
   d - Ice Form                       Ice/Transmutation            4
   e - Blade Hands                    Transmutation                5
 t - a book of the Dragon

   Spells                             Type                      Level
   a - Flame Tongue                   Conjuration/Fire             1
   b - Cause Fear                     Hexes                        4
   c - Bolt of Fire                   Conjuration/Fire             6
   d - Dragon Form                    Transmutation                7
   e - Dragon's Call                  Summoning                    9
Comestibles
 d - 8 bread rations
 k - 5 meat rations
 w - 2 slices of pizza
 D - 2 beef jerkies
 F - 2 royal jellies
 H - 2 fruits


   Skills:
 + Level 7.4 Fighting
 + Level 7.9 Dodging
 + Level 8.0 Unarmed Combat
 + Level 6.3 Spellcasting
 + Level 6.6 Transmutations


You had 12 spell levels left.
You knew the following spells:

 Your Spells              Type           Power        Failure   Level  Hunger
a - Beastly Appendage     Trmt           ###...       1%          1    None
b - Sticks to Snakes      Trmt           ###.....     1%          2    #......
c - Blade Hands           Trmt           ###.......   34%         5    ######.


Dungeon Overview and Level Annotations

Branches:
Dungeon (10/15)            Temple (1/1) D:6            Lair (0/8) D:9
    Orc (0/4) D:9

Altars:
Ashenzari
Cheibriados
Dithmenos
Elyvilon
Fedhas
Gozag
Kikubaaqudgha
Makhleb
Nemelex Xobeh
Okawaru
Pakellas
Qazlal
Ru
Sif Muna
Trog
Vehumet
Yredelemnul
Zin
The Shining One

Annotations:
D:8 Erica


Innate Abilities, Weirdness & Mutations

You have very sharp fingernails.
You have a moderately thin skeletal structure (Dex +4, Stealth+).
A weak demonic guardian rushes to your aid.
You are partially covered in sharp spines.
You are somewhat inexperienced (-2 XL).


Message History

You scratch something. Something hits you. Something burns you.
You scratch something. Something closely misses you.
You miss something. You claw something!
You hear some strange, mumbled words.
Something tries to affect you, but you resist.
You miss something.
You hear some strange, mumbled words.
You are confused.
Your white imp disappears in a puff of smoke!
Something hits you! Something burns you. Something hits you.
Something burns you.
Drink which item? (? for menu, Esc to quit)
You feel better. Something hits you. Something burns you.
You closely miss something. Something hits you! Something burns you.
You claw something!
You hear some strange, mumbled words.
A bolt of poison appears from out of thin air!
The bolt of poison hits you!
You are poisoned.
You die...

### #### .. #... #.# ####...
#.. ###..#... #.####
##........
######.@{>#####[...##.:.
................##.#####
#######..............###
###.# #####.#..>......#....
.....####........#....)#.....
##.......###.####.###.#.....
...........#####.##...#
#.#.....
.......[.#..###.....###
#.......
$........##.....#.###
###.....


There were no monsters in sight!

Vanquished Creatures
  An unseen horror (D:10)
  A gargoyle (D:10)
  A fire drake (D:9)
  A two-headed ogre (D:7)
  Prince Ribbit (D:8)
  A deep elf mage (D:10)
  Eustachio (D:4)
  5 yaks (D:10)
  A hungry ghost (D:10)
  A water moccasin (D:10)
  4 orc warriors
  A wasp (D:10)
  A slave (D:5)
  A black bear (D:6)
  3 ogres
  A sky beast (D:4)
  An ice beast (D:7)
  2 big kobolds (D:7)
  3 centaurs
  Blork the orc (D:6)
  8 giant frogs
  A wyvern zombie (D:10)
  8 killer bees
  5 wights (D:6)
  4 jellies
  4 crimson imps
  A quasit (D:6)
  A giant frog zombie (D:6)
  An orc priest (D:5)
  2 centaur skeletons
  Natasha (twice) (D:4 D:5)
  A giant frog skeleton (D:6)
  3 orc wizards
  10 hounds
  5 worker ants
  A hound zombie (D:7)
  3 gnolls (D:5)
  10 adders
  A shadow imp (D:10)
  An adder skeleton (D:4)
  2 worms
  4 giant geckos
  20 orcs
  3 ball pythons
  4 bats
  4 giant cockroaches
  2 goblins (D:2)
  3 hobgoblins
  9 jackals
  5 quokkas
  A giant gecko skeleton (D:6)
  5 giant newts
  2 jackal skeletons
  12 kobolds
  2 quokka zombies
  3 rats
185 creatures vanquished.

Vanquished Creatures (collateral kills)
  The ghost of Nicoed the Changer, a novice OpTm of Makhleb (D:7)
  Pikel (D:5)
  Grinder (D:5)
  Duvessa (D:4)
  An ogre (D:4)
  A scorpion (D:8)
  Dowan (D:4)
  A worker ant (D:3)
  An adder (D:9)
  2 orcs
  A quokka (D:4)
  5 kobolds (D:7)
17 creatures vanquished.

Vanquished Creatures (others)
  Natasha (D:5)
1 creature vanquished.

Grand Total: 203 creatures vanquished

Notes
Turn   | Place    | Note
--------------------------------------------------------------
     0 | D:1      | cluie the Demonspawn Transmuter began the quest for the Orb.
     0 | D:1      | Reached XP level 1. HP: 15/15 MP: 3/3
   357 | D:1      | Gained mutation: You have sharp fingernails. [demonic ancestry]
   357 | D:1      | Reached XP level 2. HP: 21/21 MP: 5/5
   486 | D:2      | Found a glowing golden altar of the Shining One.
   513 | D:2      | Reached skill level 3 in Unarmed Combat
   572 | D:2      | Gained mutation: You have a somewhat thin skeletal structure (Dex +2, Stealth). [demonic ancestry]
   572 | D:2      | Reached XP level 3. HP: 16/26 MP: 4/6
   774 | D:2      | Learned a level 2 spell: Sticks to Snakes
   925 | D:2      | Found a faded altar to an unknown god.
  1458 | D:3      | Gained mutation: A weak demonic guardian rushes to your aid. [demonic ancestry]
  1458 | D:3      | Reached XP level 4. HP: 12/33 MP: 5/7
  1864 | D:4      | Noticed Duvessa
  1865 | D:4      | Noticed Dowan
  2181 | D:4      | Noticed Natasha
  2195 | D:4      | Killed Natasha
  2195 | D:4      | Gained mutation: You have very sharp fingernails. [demonic ancestry]
  2195 | D:4      | Reached XP level 5. HP: 35/39 MP: 5/8
  2231 | D:4      | Killed Dowan
  2231 | D:4      | Reached skill level 4 in Unarmed Combat
  2385 | D:4      | HP: 1/39 [centaur skeleton (2)]
  2387 | D:4      | Reached XP level 6. HP: 1/46 MP: 6/9
  3034 | D:4      | Noticed Eustachio
  3383 | D:4      | Killed Duvessa
  3383 | D:4      | Reached skill level 5 in Unarmed Combat
  3512 | D:4      | Killed Eustachio
  3512 | D:4      | Reached XP level 7. HP: 52/52 MP: 10/10
  3523 | D:5      | Entered Level 5 of the Dungeon
  3540 | D:5      | Found a shattered altar of Ashenzari.
  3644 | D:5      | Reached skill level 5 in Dodging
  3697 | D:5      | Learned a level 5 spell: Blade Hands
  3702 | D:5      | Noticed Pikel
  3716 | D:5      | Killed Pikel
  3716 | D:5      | Gained mutation: You have a moderately thin skeletal structure (Dex +4, Stealth+). [demonic ancestry]
  3716 | D:5      | Reached XP level 8. HP: 13/60 MP: 10/12
  3826 | D:5      | Noticed Grinder
  3828 | D:5      | Paralysed by Grinder for 5 turns
  3944 | D:5      | Found a stormy altar of Qazlal.
  4083 | D:5      | Killed Grinder
  4226 | D:5      | Noticed Natasha
  4232 | D:5      | Killed Natasha
  4388 | D:5      | Noticed Natasha
  4394 | D:5      | Killed Natasha
  4521 | D:6      | Reached skill level 6 in Unarmed Combat
  4639 | D:6      | Found a staircase to the Ecumenical Temple.
  4651 | Temple   | Entered the Ecumenical Temple
  4795 | D:6      | wtf
  4844 | D:6      | Found a glowing silver altar of Zin.
  4906 | D:6      | Noticed Blork the orc
  4917 | D:6      | Killed Blork the orc
  4917 | D:6      | Reached skill level 5 in Fighting
  5059 | D:6      | Reached XP level 9. HP: 57/68 MP: 14/14
  5347 | D:7      | Found a basalt altar of Yredelemnul.
  5430 | D:7      | Noticed Nicoed's ghost (novice OpTm)
  5464 | D:7      | Killed Nicoed's ghost
  5717 | D:7      | Found an ancient bone altar of Kikubaaqudgha.
  5728 | D:7      | Reached skill level 5 in Transmutations
  6021 | D:8      | Reached skill level 7 in Unarmed Combat
  6083 | D:8      | Noticed Prince Ribbit
  6095 | D:8      | Killed Prince Ribbit
  6095 | D:8      | Reached skill level 5 in Spellcasting
  6136 | D:8      | Noticed Erica
  6188 | D:7      | Gained mutation: You are partially covered in sharp spines. [demonic ancestry]
  6188 | D:7      | Reached XP level 10. HP: 62/76 MP: 17/17
  6440 | D:9      | Found a staircase to the Orcish Mines.
  6469 | D:9      | Found a staircase to the Lair.
  6478 | D:9      | Found a sacrificial altar of Ru.
  6486 | D:9      | Became a worshipper of Ru the Awakened
  6610 | D:10     | Entered Level 10 of the Dungeon
  7101 | D:10     | Killed an unseen horror
  8002 | D:9      | Gained mutation: You are somewhat inexperienced (-2 XL). [Ru sacrifice]
  8002 | D:9      | Reached XP level 9. HP: 69/72 MP: 18/18
  8002 | D:9      | Reached XP level 8. HP: 67/67 MP: 17/17
  8002 | D:9      | Reached * piety under Ru
  8062 | D:9      | Reached skill level 8 in Unarmed Combat
  8186 | D:9      | Reached XP level 9. HP: 50/72 MP: 18/18
  8696 | D:9      | Killed a fire drake
  8989 | D:8      | Killed from afar by Erica

Vault maps used:
D:1:      saegor_arrival_simple_f
D:2:      old_standard_altar, ecumenical_altar_1
D:4:      first_bread, uniq_eustachio, uniq_duvessa, uniq_natasha
D:5:      cheibrodos_ashenzari_chains, nicolae_qazlal_style_of_elements,
          minivault_23, uniq_pikel, uniq_grinder
D:6:      lemuel_doored_altar, minmay_temple_entry_overgrown,
          hangedman_minor_gate_pass, uniq_blork_the_orc, uniq_sigmund
D:7:      old_standard_altar, lemuel_crystal_altar
D:8:      lemuel_round_altar, grunt_livestock, minmay_strange_pillars,
          uniq_erica, uniq_prince_ribbit1, uniq_erolcha
D:9:      nicolae_ru_sacrificial_ziggurat, minmay_lair_entry_lava, david_orc_3
Temple:   circular_temple_12

Action                   |  1- 3 |  4- 6 |  7- 9 | 10-12 || total
-------------------------+-------+-------+-------+-------++-------
Melee: Unarmed           |   118 |   117 |   368 |   125 ||   728
 Fire: Blowgun           |       |       |       |     1 ||     1
 Cast: Beastly Appendage |     3 |     1 |       |       ||     4
       Sticks to Snakes  |     2 |     7 |     7 |    12 ||    28
Invok: Sacrifice Experie |       |       |     1 |       ||     1
Evoke: Wand              |       |       |     1 |       ||     1
  Use: Potion            |       |     1 |     1 |     1 ||     3
       Scroll            |       |     5 |    12 |     6 ||    23
 Stab: Sleeping          |     4 |     2 |     7 |     5 ||    18
       Distracted        |     1 |     1 |     2 |     1 ||     5
  Eat: Chunk             |     2 |     6 |    10 |     3 ||    21
       Beef jerky        |       |     1 |     1 |       ||     2
       Meat ration       |       |       |       |     1 ||     1
